Condors vs Barracuda

Created - Thursday, January 21, 2016 at 01:09

Goals
1 2 3 OT1 SO T
Condors 0 1 0 0 2 2
Barracuda 0 0 1 0 1 1
Shots
1 2 3 OT1 SO T
Condors 9 6 20 5 4 40
Barracuda 6 5 18 0 4 29

1st period

No Goal

Penalties :
Maxime Fortunus (SJO) for Slashing (Double Minor) at 5:44

2nd period

1. Condors , Teemu Pulkkinen 12 (Michael Chaput) at 0:08

Penalties :
FARM PLAYER44 (BAK) for Holding (Minor) at 18:42

3rd period

2. Barracuda , Maxime Fortunus 1 (Bobby Farnham) at 7:01

Penalties :
Taylor Fedun (BAK) for Holding (Minor) at 2:14, Mark Fistric (SJO) for Fighting (Major) at 9:09, Michael Chaput (BAK) for Fighting (Major) at 9:09, Michael Chaput (BAK) for instigated a fight (Minor) at 9:09, Michael Chaput (BAK) for instigated a fight (10 Minutes Misconduct) at 9:09

Overtime #1

No Goal

Penalties :
No Penalty

Shootout

Penalty Shot by Teemu Pulkkinen for Condors - Stopped by Joey MacDonald
Penalty Shot by Andy Andreoff for Barracuda - Stopped by Joe Cannata
Penalty Shot by Michael Chaput for Condors - Goal!
Penalty Shot by Vincent Lecavalier for Barracuda - Goal!
Penalty Shot by Tyler Graovac for Condors - Stopped by Joey MacDonald
Penalty Shot by Jayson Megna for Barracuda - Stopped by Joe Cannata
Penalty Shot by Kris Newbury for Condors - Goal!
Penalty Shot by Ryan Hamilton for Barracuda - Stopped by Joe Cannata

Penalties :
No Penalty

Goalie Stats

Joe Cannata (BAK), 28 saves from 29 shots - (0.966), W, 11-1-2, 65:00 minutes
Joey MacDonald (SJO), 39 saves from 40 shots - (0.975), OTL, 16-11-11, 65:00 minutes

Players Stats for Condors

Player Name              G  A  P  +/- PIM S  H  SB GA TA FO     MP     PP MP  PK MP  
------------------------------------------------------------------------------------
Anthony Bitetto          0  0  0   0  0   0  3  2  0  1  0/0    22:56   1:44   2:13 
Bill Arnold              0  0  0   0  0   0  0  1  2  0  1/2    11:28   0:33   0:00 
Daniel New               0  0  0  -1  0   0  2  1  0  1  0/0    14:51   0:00   1:10 
David Schlemko           0  0  0   1  0   7  1  0  2  0  0/0    25:14   2:15   3:44 
FARM PLAYER44            0  0  0   0  2   0  2  0  0  0  0/1    12:29   0:00   0:56 
Jeremie Blain            0  0  0   0  0   0  0  0  0  0  0/0     0:00   0:00   0:00 
Ken Agostino             0  0  0  -1  0   1  1  0  2  0  3/3    17:58   0:00   1:16 
Kevin Goumas             0  0  0  -1  0   0  0  0  0  0  0/0    15:23   0:00   0:00 
Kris Newbury             0  0  0   1  0   0  4  0  1  0  0/0    16:19   1:58   0:46 
Matt Bailey              0  0  0   0  0   1  2  0  1  0  0/0    17:10   1:50   0:00 
Michael Chaput           0  1  1   1  17  4  5  1  1  0  6/8    18:17   1:36   3:18 
Pat Cannone              0  0  0  -1  0   5  3  1  0  1  7/9    19:06   0:33   0:38 
Rob Bordson              0  0  0   0  0   0  5  0  0  0  1/1    17:24   1:50   0:00 
Ryan Stanton             0  0  0   1  0   10 5  3  1  1  0/0    27:49   2:15   3:44 
Taylor Fedun             0  0  0   0  2   2  0  1  0  0  0/0    22:20   1:44   1:03 
Teemu Pulkkinen          1  0  1   1  0   6  0  2  1  2  4/9    23:42   1:36   4:33 
Tommy Cross              0  0  0  -1  0   0  0  1  0  3  0/0    13:51   0:00   0:00 
Tyler Graovac            0  0  0   0  0   4  1  2  4  0  7/10   17:43   2:01   0:27 

Players Stats for Barracuda

Player Name              G  A  P  +/- PIM S  H  SB GA TA FO     MP     PP MP  PK MP  
------------------------------------------------------------------------------------
Alexandre Bolduc         0  0  0   0  0   2  0  0  1  0  0/0    23:46   2:34   1:02 
Andy Andreoff            0  0  0  -1  0   8  3  0  3  1  2/3    22:58   3:23   1:53 
Bobby Farnham            0  1  1   1  0   2  3  1  2  0  3/11   15:55   0:00   0:00 
Danny Syvret             0  0  0  -1  0   0  2  1  0  2  0/0    21:18   0:40   1:37 
David Van Der Gulik      0  0  0   0  0   0  0  0  2  0  0/0     5:45   0:00   0:00 
Dominik Uher             0  0  0   1  0   0  0  1  0  1  1/1    17:26   0:00   1:12 
Eric Selleck             0  0  0   1  0   0  0  0  1  0  0/0    14:50   0:00   1:30 
Jayson Megna             0  0  0  -1  0   3  1  0  3  0  2/4    23:34   3:23   1:02 
Joey Mormina             0  0  0   0  0   0  0  1  0  0  0/0     6:51   0:00   0:50 
Marek Hrivik             0  0  0   0  0   0  2  0  0  0  0/0    18:54   2:34   0:00 
Mark Fistric             0  0  0  -1  5   0  2  1  1  1  0/0    26:42   2:46   2:22 
Mark McNeill             0  0  0   0  0   2  0  0  1  0  0/0     4:40   0:00   0:00 
Maxime Fortunus          1  0  1   1  4   4  2  1  0  1  0/0    26:36   2:31   0:00 
Mike Halmo               0  0  0   0  0   0  0  0  0  0  0/0     0:24   0:00   0:00 
Patrick McNeill          0  0  0   1  0   1  0  2  0  2  0/0    21:46   4:45   0:00 
Ryan Hamilton            0  0  0   0  0   4  2  2  2  1  1/11   20:50   2:34   1:19 
Taylor Chorney           0  0  0   0  0   1  1  1  0  1  0/0    25:57   1:12   3:09 
Vincent Lecavalier       0  0  0  -1  0   2  0  1  1  1  5/13   17:47   3:23   0:00 

3 Stars

1 - Joey MacDonald (SJO)
2 - Joe Cannata (BAK)
3 - Teemu Pulkkinen (BAK)

Power Play

Condors - 0 on 2 Attempt(s) - 0.00%
Barracuda - 0 on 3 Attempt(s) - 0.00%

Penalty Kill

Condors - 3 on 3 Attempt(s) - 100.00% - Score 0 goal in Penalty Kill
Barracuda - 2 on 2 Attempt(s) - 100.00% - Score 0 goal in Penalty Kill

Team Stat

Condors - Hits : 34 - Faceoff Wins : 29 - Blocked Shots : 15 - Penalty Minutes : 21
Barracuda - Hits : 18 - Faceoff Wins : 14 - Blocked Shots : 12 - Penalty Minutes : 9

Official

Referees : Unknown
Linesman : Unknown

Game Notes

Mark Fistric and Michael Chaput fight to a draw at 9:09 of 3rd period

Finance

Level 1 -- Attendance: 1397 (69.85%) -- Ticket Income $48,895
Level 2 -- Attendance: 739 (73.90%) -- Ticket Income $11,085
Total Attendance: 2136 (71.20%)
Total Ticket Income: $59,980
Other Income: $29,390
Total Income: $89,370

Condors

5 vs 5 Forward 
   Center                   Left Wing                Right Wing               Time % Phy DF OF 
 1 Michael Chaput           Teemu Pulkkinen          Kris Newbury             35     1   2  2  
 2 Tyler Graovac            Rob Bordson              Matt Bailey              30     1   2  2  
 3 Pat Cannone              Ken Agostino             Kevin Goumas             22     1   2  2  
 4 Bill Arnold              Teemu Pulkkinen          Michael Chaput           13     1   2  2  

5 vs 5 Defense 
   Defense                  Defense                                           Time % Phy DF OF 
 1 Ryan Stanton             David Schlemko                                    35     1   2  2  
 2 Taylor Fedun             Anthony Bitetto                                   30     1   2  2  
 3 Tommy Cross              Daniel New                                        22     1   2  2  
 4 Ryan Stanton             FARM PLAYER44                                     13     1   2  2  

PowerPlay Forward 
   Center                   Left Wing                Right Wing               Time % Phy DF OF 
 1 Michael Chaput           Teemu Pulkkinen          Kris Newbury             60     1   2  2  
 2 Tyler Graovac            Rob Bordson              Matt Bailey              40     1   2  2  

PowerPlay Defense
   Defense                  Defense                                           Time % Phy DF OF 
 1 Ryan Stanton             David Schlemko                                    60     1   2  2  
 2 Taylor Fedun             Anthony Bitetto                                   40     1   2  2  

Penalty Kill 4 Players Forward 
   Center                   Wing                     Time % Phy DF OF 
 1 Teemu Pulkkinen          Michael Chaput           60     1   2  2  
 2 Tyler Graovac            Kris Newbury             40     1   2  2  

Penalty Kill 4 Players Defense
   Defense                  Defense                  Time % Phy DF OF 
 1 Ryan Stanton             David Schlemko           60     1   2  2  
 2 Taylor Fedun             Anthony Bitetto          40     1   2  2  

Penalty Kill - 3 Players Forward 
   Forward                                           Time % Phy DF OF 
 1 Teemu Pulkkinen                                   60     1   2  2  
 2 Michael Chaput                                    40     1   2  2  

Penalty Kill - 3 Players Defense
   Defense                  Defense                  Time % Phy DF OF 
 1 Ryan Stanton             David Schlemko           60     1   2  2  
 2 Taylor Fedun             Anthony Bitetto          40     1   2  2  

4 vs 4 Forward 
   Center                   Wing                     Time % Phy DF OF 
 1 Teemu Pulkkinen          Michael Chaput           60     1   2  2  
 2 Tyler Graovac            Kris Newbury             40     1   2  2  

4 vs 4 Defense
   Defense                  Defense                  Time % Phy DF OF 
 1 Ryan Stanton             David Schlemko           60     1   2  2  
 2 Taylor Fedun             Anthony Bitetto          40     1   2  2  

Last Minutes Offensive
   Center                   Left Wing                Right Wing               Defense                  Defense                  
   Michael Chaput           Teemu Pulkkinen          Kris Newbury             Ryan Stanton             David Schlemko           

Last Minutes Defensive
   Center                   Left Wing                Right Wing               Defense                  Defense                  
   Michael Chaput           Teemu Pulkkinen          Kris Newbury             Ryan Stanton             David Schlemko           

Goaltenders
Starting : Joe Cannata              
Backup : Scott Wedgewood          

Extra Forwards
Normal : Pat Cannone, Bill Arnold, Ken Agostino - PP : Pat Cannone, Bill Arnold - PK : Ken Agostino
Extra Defensemen
Normal : Tommy Cross, Daniel New, David Schlemko - PP : Tommy Cross - PK : Daniel New, Ryan Stanton
Penalty Shots
Teemu Pulkkinen, Michael Chaput, Tyler Graovac, Kris Newbury, Pat Cannone

Barracuda

5 vs 5 Forward 
   Center                   Left Wing                Right Wing               Time % Phy DF OF 
 1 Vincent Lecavalier       Jayson Megna             Andy Andreoff            35     1   2  2  
 2 Ryan Hamilton            Alexandre Bolduc         Marek Hrivik             30     1   2  2  
 3 Bobby Farnham            Jayson Megna             Dominik Uher             22     1   2  2  
 4 Jayson Megna             Alexandre Bolduc         Mark McNeill             13     1   2  2  

5 vs 5 Defense 
   Defense                  Defense                                           Time % Phy DF OF 
 1 Mark Fistric             Danny Syvret                                      35     1   2  2  
 2 Taylor Chorney           Maxime Fortunus                                   30     1   2  2  
 3 Taylor Chorney           Mark Fistric                                      22     1   2  2  
 4 Patrick McNeill          Maxime Fortunus                                   13     1   2  2  

PowerPlay Forward 
   Center                   Left Wing                Right Wing               Time % Phy DF OF 
 1 Vincent Lecavalier       Jayson Megna             Andy Andreoff            60     1   2  2  
 2 Ryan Hamilton            Alexandre Bolduc         Marek Hrivik             40     1   2  2  

PowerPlay Defense
   Defense                  Defense                                           Time % Phy DF OF 
 1 Mark Fistric             Patrick McNeill                                   60     1   2  2  
 2 Taylor Chorney           Maxime Fortunus                                   40     1   2  2  

Penalty Kill 4 Players Forward 
   Center                   Wing                     Time % Phy DF OF 
 1 Ryan Hamilton            Jayson Megna             60     1   2  2  
 2 Alexandre Bolduc         Andy Andreoff            40     1   2  2  

Penalty Kill 4 Players Defense
   Defense                  Defense                  Time % Phy DF OF 
 1 Maxime Fortunus          Danny Syvret             60     1   2  2  
 2 Mark Fistric             Taylor Chorney           40     1   2  2  

Penalty Kill - 3 Players Forward 
   Forward                                           Time % Phy DF OF 
 1 Jayson Megna                                      60     1   2  2  
 2 Dominik Uher                                      40     1   2  2  

Penalty Kill - 3 Players Defense
   Defense                  Defense                  Time % Phy DF OF 
 1 Taylor Chorney           Maxime Fortunus          60     1   2  2  
 2 Patrick McNeill          Mark Fistric             40     1   2  2  

4 vs 4 Forward 
   Center                   Wing                     Time % Phy DF OF 
 1 Andy Andreoff            Alexandre Bolduc         60     1   2  2  
 2 Jayson Megna             Bobby Farnham            40     1   2  2  

4 vs 4 Defense
   Defense                  Defense                  Time % Phy DF OF 
 1 Patrick McNeill          Maxime Fortunus          60     1   2  2  
 2 Taylor Chorney           Mark Fistric             40     1   2  2  

Last Minutes Offensive
   Center                   Left Wing                Right Wing               Defense                  Defense                  
   Vincent Lecavalier       Jayson Megna             Andy Andreoff            Maxime Fortunus          Danny Syvret             

Last Minutes Defensive
   Center                   Left Wing                Right Wing               Defense                  Defense                  
   Vincent Lecavalier       Jayson Megna             Andy Andreoff            Maxime Fortunus          Danny Syvret             

Goaltenders
Starting : Joey MacDonald           
Backup : David Leggio             

Extra Forwards
Normal : Alexandre Bolduc, Andy Andreoff, Jayson Megna - PP : Jayson Megna, Alexandre Bolduc - PK : Jayson Megna
Extra Defensemen
Normal : Taylor Chorney, Patrick McNeill, Maxime Fortunus - PP : Maxime Fortunus - PK : Taylor Chorney, Maxime Fortunus
Penalty Shots
Andy Andreoff, Vincent Lecavalier, Jayson Megna, Ryan Hamilton, Alexandre Bolduc

% Time on Ice - Condors

Lines # - Real PCT - Wanted PCT - Time Play
Normal Forward
1 - 28% - 35% - 13:56
2 - 32% - 30% - 16:03
3 - 26% - 22% - 13:09
4 - 14% - 13% - 6:56
Normal Defense
1 - 32% - 35% - 16:11
2 - 33% - 30% - 16:41
3 - 27% - 22% - 13:26
4 - 8% - 13% - 3:46
PP Forward
1 - 49% - 60% - 1:58
2 - 51% - 40% - 2:01
PP Defense
1 - 56% - 60% - 2:15
2 - 44% - 40% - 1:44
PK Forward
1 - 92% - 60% - 5:30
2 - 8% - 40% - 0:27
PK Defense
1 - 63% - 60% - 3:44
2 - 37% - 40% - 2:13
PK3 Forward
1 - 0% - 60%
2 - 0% - 40%
PK3 Defense
1 - 0% - 60%
2 - 0% - 40%
44 Forward
1 - 100% - 60% - 5:00
2 - 0% - 40% - 0:00
44 Defense
1 - 54% - 60% - 2:42
2 - 46% - 40% - 2:18
Last Minute Offensive  - 0:00
Last Minute Defensive  - 0:00
Total
Forward - 65:00
Defense - 65:00

% Time on Ice - Barracuda

Lines # - Real PCT - Wanted PCT - Time Play
Normal Forward
1 - 28% - 35% - 14:05
2 - 33% - 30% - 16:20
3 - 30% - 22% - 14:59
4 - 9% - 13% - 4:40
Normal Defense
1 - 34% - 35% - 17:10
2 - 25% - 30% - 12:22
3 - 20% - 22% - 10:04
4 - 21% - 13% - 10:28
PP Forward
1 - 57% - 60% - 3:23
2 - 43% - 40% - 2:34
PP Defense
1 - 80% - 60% - 4:45
2 - 20% - 40% - 1:12
PK Forward
1 - 79% - 60% - 3:10
2 - 21% - 40% - 0:49
PK Defense
1 - 41% - 60% - 1:37
2 - 59% - 40% - 2:22
PK3 Forward
1 - 0% - 60%
2 - 0% - 40%
PK3 Defense
1 - 0% - 60%
2 - 0% - 40%
44 Forward
1 - 100% - 60% - 5:00
2 - 0% - 40% - 0:00
44 Defense
1 - 56% - 60% - 2:49
2 - 44% - 40% - 2:11
Last Minute Offensive  - 0:00
Last Minute Defensive  - 0:00
Total
Forward - 65:00
Defense - 65:00

Play by Play

1st period


0:01 of 1st period - Michael Chaput wins face-off versus Vincent Lecavalier in neutral zone.
0:18 of 1st period - Snap shot by Teemu Pulkkinen.
0:18 of 1st period - Stopped by Joey MacDonald with a rebound.
0:30 of 1st period - Snap shot by Teemu Pulkkinen.
0:30 of 1st period - Stopped by Joey MacDonald with a rebound.
0:32 of 1st period - Snap shot by Michael Chaput.
0:32 of 1st period - Deflect By Teemu Pulkkinen.
0:32 of 1st period - Shot Misses the Net.
0:32 of 1st period - Puck is out of play.
0:33 of 1st period - Tyler Graovac wins face-off versus Ryan Hamilton in Barracuda zone.
0:48 of 1st period - Slapshot by Alexandre Bolduc.
0:48 of 1st period - Shot Misses the Net.
0:50 of 1st period - Wrist shot by Ryan Hamilton.
0:50 of 1st period - Shot Blocked by Tyler Graovac.
0:52 of 1st period - Snap shot by Alexandre Bolduc.
0:52 of 1st period - Shot Misses the Net.
0:54 of 1st period - Slapshot by Maxime Fortunus.
0:54 of 1st period - Stopped by Joe Cannata with a rebound.
0:56 of 1st period - Slapshot by Maxime Fortunus.
0:56 of 1st period - Shot Blocked by Tyler Graovac.
1:00 of 1st period - Wrist shot by Ryan Hamilton.
1:00 of 1st period - Stopped by Joe Cannata with a rebound.
1:24 of 1st period - Dominik Uher is hit by Pat Cannone and loses puck.
1:39 of 1st period - Wrist shot by Ken Agostino.
1:39 of 1st period - Stopped by Joey MacDonald with a rebound.
1:51 of 1st period - Wrist shot by Ken Agostino.
1:51 of 1st period - Shot Blocked by Bobby Farnham.
2:17 of 1st period - Andy Andreoff is hit by Daniel New and loses puck.
2:46 of 1st period - Slapshot by Ryan Hamilton.
2:46 of 1st period - Shot Misses the Net.
3:06 of 1st period - Andy Andreoff is hit by Michael Chaput and loses puck.
3:29 of 1st period - Wrist shot by Andy Andreoff.
3:29 of 1st period - Stopped by Joe Cannata with a rebound.
3:31 of 1st period - Wrist shot by Jayson Megna.
3:31 of 1st period - Stopped by Joe Cannata without a rebound.
3:32 of 1st period - Ken Agostino wins face-off versus Vincent Lecavalier in Condors zone.
3:39 of 1st period - Ryan Stanton is hit by Andy Andreoff.
3:43 of 1st period - Jayson Megna is hit by Pat Cannone.
3:53 of 1st period - Slapshot by Ryan Stanton.
3:53 of 1st period - Stopped by Joey MacDonald without a rebound.
3:54 of 1st period - Ryan Hamilton wins face-off versus Tyler Graovac in Barracuda zone.
4:56 of 1st period - Snap shot by Vincent Lecavalier.
4:56 of 1st period - Shot Misses the Net.
4:58 of 1st period - Wrist shot by Jayson Megna.
4:58 of 1st period - Stopped by Joe Cannata with a rebound.
5:00 of 1st period - Slapshot by Jayson Megna.
5:00 of 1st period - Shot Misses the Net.
5:24 of 1st period - Snap shot by Teemu Pulkkinen.
5:24 of 1st period - Shot Misses the Net.
5:44 of 1st period - Double Minor Penalty to Maxime Fortunus for Slashing.
5:45 of 1st period - Tyler Graovac wins face-off versus Ryan Hamilton in Barracuda zone.
5:48 of 1st period - Slapshot by Ryan Stanton.
5:48 of 1st period - Stopped by Joey MacDonald with a rebound.
5:58 of 1st period - Slapshot by Ryan Stanton.
5:58 of 1st period - Shot Misses the Net.
6:18 of 1st period - Slapshot by David Schlemko.
6:18 of 1st period - Shot Blocked by Ryan Hamilton.
6:30 of 1st period - Andy Andreoff is hit by Michael Chaput and loses puck.
6:37 of 1st period - Ryan Stanton is hit by Andy Andreoff and loses puck.
7:11 of 1st period - Slapshot by Teemu Pulkkinen.
7:11 of 1st period - Stopped by Joey MacDonald with a rebound.
7:25 of 1st period - Mark Fistric is hit by Matt Bailey and loses puck.
7:36 of 1st period - Mark Fistric is hit by Rob Bordson.
7:50 of 1st period - Andy Andreoff is hit by Michael Chaput and loses puck.
8:15 of 1st period - Mark Fistric is hit by Tyler Graovac and loses puck.
9:25 of 1st period - Snap shot by Teemu Pulkkinen.
9:25 of 1st period - Stopped by Joey MacDonald with a rebound.
9:27 of 1st period - Slapshot by Ryan Stanton.
9:27 of 1st period - Shot Blocked by Danny Syvret.
9:29 of 1st period - Slapshot by David Schlemko.
9:29 of 1st period - Shot Blocked by Joey Mormina.
9:44 of 1st period - Penalty to Maxime Fortunus is over, Maxime Fortunus is back on ice.
9:50 of 1st period - Slapshot by Taylor Fedun.
9:50 of 1st period - Shot Blocked by Ryan Hamilton.
9:52 of 1st period - Wrist shot by Tyler Graovac.
9:52 of 1st period - Stopped by Joey MacDonald without a rebound.
9:53 of 1st period - Dominik Uher wins face-off versus Tyler Graovac in Barracuda zone.
9:58 of 1st period - Taylor Fedun is hit by Bobby Farnham.
10:01 of 1st period - Off-side.
10:02 of 1st period - Pat Cannone wins face-off versus Bobby Farnham in neutral zone.
10:05 of 1st period - Maxime Fortunus is hit by Ken Agostino and loses puck.
11:25 of 1st period - Slapshot by Ryan Stanton.
11:25 of 1st period - Shot Blocked by Patrick McNeill.
11:48 of 1st period - Andy Andreoff is hit by Ryan Stanton and loses puck.
11:55 of 1st period - Eric Selleck is hit by Matt Bailey and loses puck.
12:15 of 1st period - Ryan Stanton is hit by Bobby Farnham and loses puck.
14:20 of 1st period - Ryan Hamilton is hit by Ryan Stanton and loses puck.
14:35 of 1st period - Slapshot by Vincent Lecavalier.
14:35 of 1st period - Shot Misses the Net.
14:41 of 1st period - Joey Mormina is hit by FARM PLAYER44 and loses puck.
15:46 of 1st period - Marek Hrivik is hit by Daniel New and loses puck.
16:09 of 1st period - Snap shot by Michael Chaput.
16:09 of 1st period - Shot Blocked by Mark Fistric.
16:27 of 1st period - Dominik Uher is hit by Kris Newbury and loses puck.
16:56 of 1st period - Slapshot by Jayson Megna.
16:56 of 1st period - Shot Misses the Net.
16:58 of 1st period - Wrist shot by Mark McNeill.
16:58 of 1st period - Stopped by Joe Cannata with a rebound.
17:30 of 1st period - Snap shot by Teemu Pulkkinen.
17:30 of 1st period - Shot Misses the Net.
17:32 of 1st period - Wrist shot by Michael Chaput.
17:32 of 1st period - Stopped by Joey MacDonald with a rebound.
19:27 of 1st period - Taylor Chorney is hit by Ryan Stanton.
19:31 of 1st period - Ryan Stanton is hit by Taylor Chorney and loses puck.
19:44 of 1st period - Anthony Bitetto is hit by Mark Fistric and loses puck.
19:53 of 1st period - Jayson Megna is hit by Anthony Bitetto and loses puck.
Goals for this period are 0 for Condors vs 0 for Barracuda.
Shots for this period are 9 for Condors vs 6 for Barracuda.

2nd period


0:01 of 2nd period - Michael Chaput wins face-off versus Vincent Lecavalier in neutral zone.
0:08 of 2nd period - Snap shot by Teemu Pulkkinen.
0:08 of 2nd period - Goal by Teemu Pulkkinen - Condors : 1 - Barracuda : 0.
0:09 of 2nd period - Andy Andreoff wins face-off versus Michael Chaput in neutral zone.
0:34 of 2nd period - Andy Andreoff is hit by Kris Newbury and loses puck.
1:54 of 2nd period - Wrist shot by Pat Cannone.
1:54 of 2nd period - Deflect By Kevin Goumas.
1:54 of 2nd period - Shot Misses the Net.
1:54 of 2nd period - Puck is out of play.
1:55 of 2nd period - Pat Cannone wins face-off versus Bobby Farnham in Barracuda zone.
1:58 of 2nd period - Wrist shot by Ken Agostino.
1:58 of 2nd period - Shot Blocked by Taylor Chorney.
2:39 of 2nd period - Andy Andreoff is hit by Anthony Bitetto and loses puck.
2:46 of 2nd period - Kris Newbury is hit by Maxime Fortunus and loses puck.
3:03 of 2nd period - Snap shot by Alexandre Bolduc.
3:03 of 2nd period - Deflect By Jayson Megna.
3:03 of 2nd period - Shot Blocked by Teemu Pulkkinen.
3:03 of 2nd period - Puck is out of play.
3:04 of 2nd period - Jayson Megna wins face-off versus Tyler Graovac in Condors zone.
3:25 of 2nd period - David Schlemko is hit by Ryan Hamilton and loses puck.
3:32 of 2nd period - Slapshot by Ryan Hamilton.
3:32 of 2nd period - Shot Misses the Net.
4:07 of 2nd period - Snap shot by Vincent Lecavalier.
4:07 of 2nd period - Stopped by Joe Cannata with a rebound.
4:09 of 2nd period - Wrist shot by Andy Andreoff.
4:09 of 2nd period - Shot Misses the Net.
4:11 of 2nd period - Wrist shot by Vincent Lecavalier.
4:11 of 2nd period - Shot Misses the Net.
4:13 of 2nd period - Wrist shot by Eric Selleck.
4:13 of 2nd period - Shot Misses the Net.
4:15 of 2nd period - Snap shot by Andy Andreoff.
4:15 of 2nd period - Shot Misses the Net.
4:17 of 2nd period - Slapshot by Vincent Lecavalier.
4:17 of 2nd period - Shot Blocked by Ryan Stanton.
4:27 of 2nd period - Slapshot by Bobby Farnham.
4:27 of 2nd period - Shot Misses the Net.
4:29 of 2nd period - Snap shot by Dominik Uher.
4:29 of 2nd period - Deflect By Jayson Megna.
4:29 of 2nd period - Shot Blocked by Ryan Stanton.
4:29 of 2nd period - Puck is out of play.
4:30 of 2nd period - Michael Chaput wins face-off versus Bobby Farnham in Condors zone.
5:03 of 2nd period - Icing by Teemu Pulkkinen.
5:04 of 2nd period - Michael Chaput wins face-off versus Ryan Hamilton in Condors zone.
5:04 of 2nd period - Michael Chaput is hit by Danny Syvret.
5:26 of 2nd period - Wrist shot by Pat Cannone.
5:26 of 2nd period - Shot Misses the Net.
5:50 of 2nd period - Wrist shot by Bobby Farnham.
5:50 of 2nd period - Stopped by Joe Cannata without a rebound.
5:51 of 2nd period - Bobby Farnham wins face-off versus Bill Arnold in Condors zone.
6:06 of 2nd period - Jayson Megna is hit by Michael Chaput and loses puck.
6:57 of 2nd period - Slapshot by Andy Andreoff.
6:57 of 2nd period - Stopped by Joe Cannata with a rebound.
7:19 of 2nd period - Slapshot by Michael Chaput.
7:19 of 2nd period - Stopped by Joey MacDonald with a rebound.
7:21 of 2nd period - Backhand shot by Teemu Pulkkinen.
7:21 of 2nd period - Stopped by Joey MacDonald with a rebound.
7:23 of 2nd period - Slapshot by Teemu Pulkkinen.
7:23 of 2nd period - Shot Misses the Net.
7:25 of 2nd period - Wrist shot by Michael Chaput.
7:25 of 2nd period - Stopped by Joey MacDonald with a rebound.
7:27 of 2nd period - Slapshot by Taylor Fedun.
7:27 of 2nd period - Stopped by Joey MacDonald without a rebound.
7:28 of 2nd period - Michael Chaput wins face-off versus Bobby Farnham in Barracuda zone.
8:18 of 2nd period - Danny Syvret is hit by Pat Cannone and loses puck.
8:40 of 2nd period - Off-side.
8:41 of 2nd period - Michael Chaput wins face-off versus Ryan Hamilton in neutral zone.
9:22 of 2nd period - Icing by Danny Syvret.
9:23 of 2nd period - Tyler Graovac wins face-off versus Bobby Farnham in Barracuda zone.
10:22 of 2nd period - Snap shot by Tyler Graovac.
10:22 of 2nd period - Deflect By Rob Bordson.
10:22 of 2nd period - Shot Blocked by Vincent Lecavalier.
10:22 of 2nd period - Puck is out of play.
10:23 of 2nd period - Tyler Graovac wins face-off versus Ryan Hamilton in Barracuda zone.
11:11 of 2nd period - Anthony Bitetto is hit by Jayson Megna and loses puck.
12:21 of 2nd period - Wrist shot by Ken Agostino.
12:21 of 2nd period - Shot Hit the Post.
14:14 of 2nd period - Snap shot by Mark McNeill.
14:14 of 2nd period - Stopped by Joe Cannata with a rebound.
14:42 of 2nd period - Matt Bailey is hit by Bobby Farnham and loses puck.
16:09 of 2nd period - Off-side.
16:10 of 2nd period - Bobby Farnham wins face-off versus Michael Chaput in neutral zone.
16:21 of 2nd period - Wrist shot by Bobby Farnham.
16:21 of 2nd period - Shot Misses the Net.
16:39 of 2nd period - Snap shot by Andy Andreoff.
16:39 of 2nd period - Deflect By Vincent Lecavalier.
16:39 of 2nd period - Shot Blocked by Michael Chaput.
16:39 of 2nd period - Puck is out of play.
16:40 of 2nd period - Vincent Lecavalier wins face-off versus Pat Cannone in Condors zone.
16:43 of 2nd period - Wrist shot by Andy Andreoff.
16:43 of 2nd period - Stopped by Joe Cannata without a rebound.
16:44 of 2nd period - Pat Cannone wins face-off versus Vincent Lecavalier in Condors zone.
17:25 of 2nd period - Maxime Fortunus is hit by Ryan Stanton and loses puck.
17:38 of 2nd period - Jayson Megna is hit by David Schlemko and loses puck.
17:51 of 2nd period - Slapshot by Taylor Fedun.
17:51 of 2nd period - Stopped by Joey MacDonald with a rebound.
18:20 of 2nd period - Icing by Marek Hrivik.
18:21 of 2nd period - Bill Arnold wins face-off versus Ryan Hamilton in Barracuda zone.
18:42 of 2nd period - Minor Penalty to FARM PLAYER44 for Holding.
18:43 of 2nd period - Vincent Lecavalier wins face-off versus Teemu Pulkkinen in Condors zone.
18:51 of 2nd period - Wrist shot by Vincent Lecavalier.
18:51 of 2nd period - Shot Misses the Net.
18:53 of 2nd period - Slapshot by Mark Fistric.
18:53 of 2nd period - Shot Blocked by Ryan Stanton.
18:55 of 2nd period - Snap shot by Andy Andreoff.
18:55 of 2nd period - Shot Misses the Net.
19:15 of 2nd period - Ken Agostino is hit by Marek Hrivik and loses puck.
Goals for this period are 1 for Condors vs 0 for Barracuda.
Shots for this period are 6 for Condors vs 5 for Barracuda.

3rd period


0:01 of 3rd period - Teemu Pulkkinen wins face-off versus Vincent Lecavalier in neutral zone.
0:08 of 3rd period - Snap shot by Teemu Pulkkinen.
0:08 of 3rd period - Shot Misses the Net.
0:16 of 3rd period - Snap shot by Michael Chaput.
0:16 of 3rd period - Stopped by Joey MacDonald with a rebound.
0:18 of 3rd period - Slapshot by David Schlemko.
0:18 of 3rd period - Deflect By Andy Andreoff.
0:18 of 3rd period - Stopped by Joey MacDonald with a rebound.
0:20 of 3rd period - Snap shot by Teemu Pulkkinen.
0:20 of 3rd period - Shot Blocked by Patrick McNeill.
0:32 of 3rd period - Slapshot by David Schlemko.
0:32 of 3rd period - Shot Misses the Net.
0:34 of 3rd period - Slapshot by David Schlemko.
0:34 of 3rd period - Stopped by Joey MacDonald without a rebound.
0:35 of 3rd period - Teemu Pulkkinen wins face-off versus Ryan Hamilton in Barracuda zone.
0:42 of 3rd period - Penalty to FARM PLAYER44 is over, FARM PLAYER44 is back on ice.
1:00 of 3rd period - Wrist shot by Ryan Hamilton.
1:00 of 3rd period - Shot Misses the Net.
1:02 of 3rd period - Snap shot by Marek Hrivik.
1:02 of 3rd period - Shot Misses the Net.
1:04 of 3rd period - Slapshot by Marek Hrivik.
1:04 of 3rd period - Deflect By Ryan Hamilton.
1:04 of 3rd period - Stopped by Joe Cannata without a rebound.
1:05 of 3rd period - Tyler Graovac wins face-off versus Bobby Farnham in Condors zone.
1:16 of 3rd period - Slapshot by Ryan Stanton.
1:16 of 3rd period - Stopped by Joey MacDonald with a rebound.
1:23 of 3rd period - Icing by Danny Syvret.
1:24 of 3rd period - Tyler Graovac wins face-off versus Bobby Farnham in Barracuda zone.
1:33 of 3rd period - Slapshot by David Schlemko.
1:33 of 3rd period - Shot Blocked by Dominik Uher.
1:35 of 3rd period - Slapshot by Ryan Stanton.
1:35 of 3rd period - Stopped by Joey MacDonald with a rebound.
1:37 of 3rd period - Slapshot by Ryan Stanton.
1:37 of 3rd period - Stopped by Joey MacDonald with a rebound.
1:39 of 3rd period - Wrist shot by Matt Bailey.
1:39 of 3rd period - Stopped by Joey MacDonald with a rebound.
1:41 of 3rd period - Slapshot by Ryan Stanton.
1:41 of 3rd period - Deflect By Tyler Graovac.
1:41 of 3rd period - Stopped by Joey MacDonald with a rebound.
1:43 of 3rd period - Snap shot by Rob Bordson.
1:43 of 3rd period - Deflect By Tyler Graovac.
1:43 of 3rd period - Stopped by Joey MacDonald with a rebound.
1:45 of 3rd period - Snap shot by Ryan Stanton.
1:45 of 3rd period - Stopped by Joey MacDonald without a rebound.
1:46 of 3rd period - Pat Cannone wins face-off versus Ryan Hamilton in Barracuda zone.
2:14 of 3rd period - Minor Penalty to Taylor Fedun for Holding.
2:15 of 3rd period - Vincent Lecavalier wins face-off versus Teemu Pulkkinen in Condors zone.
3:14 of 3rd period - Michael Chaput is hit by Marek Hrivik and loses puck.
3:21 of 3rd period - Snap shot by Alexandre Bolduc.
3:21 of 3rd period - Shot Misses the Net.
4:14 of 3rd period - Penalty to Taylor Fedun is over, Taylor Fedun is back on ice.
4:14 of 3rd period - Slapshot by Andy Andreoff.
4:14 of 3rd period - Stopped by Joe Cannata without a rebound.
4:15 of 3rd period - Pat Cannone wins face-off versus Andy Andreoff in Condors zone.
4:22 of 3rd period - Icing by Vincent Lecavalier.
4:23 of 3rd period - Pat Cannone wins face-off versus Vincent Lecavalier in Barracuda zone.
4:24 of 3rd period - Slapshot by David Schlemko.
4:24 of 3rd period - Deflect By Pat Cannone.
4:24 of 3rd period - Stopped by Joey MacDonald with a rebound.
4:26 of 3rd period - Slapshot by Pat Cannone.
4:26 of 3rd period - Stopped by Joey MacDonald with a rebound.
5:10 of 3rd period - Jayson Megna is hit by Rob Bordson and loses puck.
5:28 of 3rd period - Icing by David Schlemko.
5:29 of 3rd period - Rob Bordson wins face-off versus Ryan Hamilton in Condors zone.
5:36 of 3rd period - Slapshot by Ryan Hamilton.
5:36 of 3rd period - Shot Misses the Net.
5:38 of 3rd period - Slapshot by Maxime Fortunus.
5:38 of 3rd period - Stopped by Joe Cannata with a rebound.
5:48 of 3rd period - Maxime Fortunus is hit by Rob Bordson and loses puck.
5:57 of 3rd period - Wrist shot by Jayson Megna.
5:57 of 3rd period - Stopped by Joe Cannata with a rebound.
6:31 of 3rd period - Snap shot by Andy Andreoff.
6:31 of 3rd period - Shot Misses the Net.
6:41 of 3rd period - Wrist shot by Vincent Lecavalier.
6:41 of 3rd period - Shot Misses the Net.
6:43 of 3rd period - Snap shot by Andy Andreoff.
6:43 of 3rd period - Shot Blocked by Anthony Bitetto.
6:55 of 3rd period - Wrist shot by Bobby Farnham.
6:55 of 3rd period - Shot Misses the Net.
6:57 of 3rd period - Slapshot by Patrick McNeill.
6:57 of 3rd period - Stopped by Joe Cannata with a rebound.
6:59 of 3rd period - Snap shot by Maxime Fortunus.
6:59 of 3rd period - Stopped by Joe Cannata without a rebound.
7:00 of 3rd period - Bobby Farnham wins face-off versus Pat Cannone in Condors zone.
7:01 of 3rd period - Backhand shot by Maxime Fortunus.
7:01 of 3rd period - Deflect By Ken Agostino.
7:01 of 3rd period - Goal by Maxime Fortunus - Condors : 1 - Barracuda : 1.
7:02 of 3rd period - Pat Cannone wins face-off versus Vincent Lecavalier in neutral zone.
7:11 of 3rd period - Wrist shot by Andy Andreoff.
7:11 of 3rd period - Stopped by Joe Cannata with a rebound.
7:41 of 3rd period - Wrist shot by Ryan Hamilton.
7:41 of 3rd period - Shot Misses the Net.
8:01 of 3rd period - Snap shot by Bobby Farnham.
8:01 of 3rd period - Stopped by Joe Cannata with a rebound.
8:27 of 3rd period - Snap shot by Alexandre Bolduc.
8:27 of 3rd period - Shot Misses the Net.
8:29 of 3rd period - Slapshot by Maxime Fortunus.
8:29 of 3rd period - Shot Blocked by Daniel New.
8:31 of 3rd period - Wrist shot by Alexandre Bolduc.
8:31 of 3rd period - Stopped by Joe Cannata with a rebound.
8:45 of 3rd period - Vincent Lecavalier is hit by Rob Bordson and loses puck.
9:09 of 3rd period - Mark Fistric and Michael Chaput fight to a draw.
9:09 of 3rd period - Penalty to Mark Fistric for Fighting.
9:09 of 3rd period - Penalty to Michael Chaput for Fighting.
9:09 of 3rd period - Penalty to Michael Chaput for instigated a fight.
9:09 of 3rd period - Penalty to Michael Chaput for instigated a fight.
9:10 of 3rd period - Vincent Lecavalier wins face-off versus Teemu Pulkkinen in Barracuda zone.
9:17 of 3rd period - Slapshot by Vincent Lecavalier.
9:17 of 3rd period - Stopped by Joe Cannata without a rebound.
9:18 of 3rd period - Vincent Lecavalier wins face-off versus Teemu Pulkkinen in Condors zone.
9:59 of 3rd period - Icing by Marek Hrivik.
10:00 of 3rd period - Teemu Pulkkinen wins face-off versus Vincent Lecavalier in Barracuda zone.
10:28 of 3rd period - Off-side.
10:29 of 3rd period - Teemu Pulkkinen wins face-off versus Ryan Hamilton in neutral zone.
10:32 of 3rd period - Slapshot by Taylor Fedun.
10:32 of 3rd period - Shot Misses the Net.
10:40 of 3rd period - Wrist shot by Ryan Hamilton.
10:40 of 3rd period - Stopped by Joe Cannata with a rebound.
10:56 of 3rd period - Anthony Bitetto is hit by Danny Syvret and loses puck.
11:04 of 3rd period - Icing by Patrick McNeill.
11:05 of 3rd period - Jayson Megna wins face-off versus FARM PLAYER44 in Barracuda zone.
11:09 of 3rd period - Penalty to Michael Chaput is over, Kevin Goumas is send on ice.
12:07 of 3rd period - Snap shot by Tyler Graovac.
12:07 of 3rd period - Shot Misses the Net.
12:09 of 3rd period - Slapshot by Taylor Fedun.
12:09 of 3rd period - Shot Misses the Net.
12:27 of 3rd period - Wrist shot by Alexandre Bolduc.
12:27 of 3rd period - Shot Misses the Net.
12:29 of 3rd period - Slapshot by Taylor Chorney.
12:29 of 3rd period - Shot Blocked by Taylor Fedun.
12:31 of 3rd period - Slapshot by Taylor Chorney.
12:31 of 3rd period - Deflect By Teemu Pulkkinen.
12:31 of 3rd period - Stopped by Joe Cannata with a rebound.
12:33 of 3rd period - Snap shot by Ryan Hamilton.
12:33 of 3rd period - Shot Misses the Net.
12:35 of 3rd period - Slapshot by Taylor Chorney.
12:35 of 3rd period - Shot Hit the Post.
12:37 of 3rd period - Backhand shot by Maxime Fortunus.
12:37 of 3rd period - Shot Blocked by Bill Arnold.
13:03 of 3rd period - Backhand shot by Andy Andreoff.
13:03 of 3rd period - Stopped by Joe Cannata with a rebound.
13:05 of 3rd period - Slapshot by Andy Andreoff.
13:05 of 3rd period - Stopped by Joe Cannata with a rebound.
13:07 of 3rd period - Slapshot by Taylor Chorney.
13:07 of 3rd period - Shot Blocked by Pat Cannone.
13:09 of 3rd period - Wrist shot by Andy Andreoff.
13:09 of 3rd period - Stopped by Joe Cannata with a rebound.
13:11 of 3rd period - Slapshot by Taylor Chorney.
13:11 of 3rd period - Shot Blocked by Teemu Pulkkinen.
13:25 of 3rd period - Wrist shot by Marek Hrivik.
13:25 of 3rd period - Shot Blocked by Anthony Bitetto.
13:56 of 3rd period - Daniel New is hit by Maxime Fortunus and loses puck.
14:17 of 3rd period - Backhand shot by Ryan Stanton.
14:17 of 3rd period - Stopped by Joey MacDonald with a rebound.
14:19 of 3rd period - Slapshot by Ryan Stanton.
14:19 of 3rd period - Stopped by Joey MacDonald with a rebound.
14:21 of 3rd period - Snap shot by Ryan Stanton.
14:21 of 3rd period - Stopped by Joey MacDonald with a rebound.
14:44 of 3rd period - Snap shot by Daniel New.
14:44 of 3rd period - Shot Blocked by Maxime Fortunus.
15:58 of 3rd period - Wrist shot by Mark McNeill.
15:58 of 3rd period - Shot Blocked by Tommy Cross.
16:08 of 3rd period - Ken Agostino is hit by Mark Fistric and loses puck.
16:17 of 3rd period - David Van Der Gulik is hit by Kris Newbury and loses puck.
16:30 of 3rd period - Bobby Farnham is hit by Rob Bordson and loses puck.
16:37 of 3rd period - Snap shot by David Schlemko.
16:37 of 3rd period - Stopped by Joey MacDonald with a rebound.
16:39 of 3rd period - Slapshot by David Schlemko.
16:39 of 3rd period - Stopped by Joey MacDonald without a rebound.
16:40 of 3rd period - Tyler Graovac wins face-off versus Bobby Farnham in Barracuda zone.
17:27 of 3rd period - Wrist shot by Tyler Graovac.
17:27 of 3rd period - Stopped by Joey MacDonald with a rebound.
17:39 of 3rd period - Snap shot by Pat Cannone.
17:39 of 3rd period - Stopped by Joey MacDonald with a rebound.
17:41 of 3rd period - Slapshot by Pat Cannone.
17:41 of 3rd period - Stopped by Joey MacDonald with a rebound.
18:33 of 3rd period - Ryan Hamilton is hit by Kris Newbury and loses puck.
19:34 of 3rd period - Wrist shot by Ryan Hamilton.
19:34 of 3rd period - Stopped by Joe Cannata with a rebound.
19:36 of 3rd period - Slapshot by Ryan Hamilton.
19:36 of 3rd period - Shot Misses the Net.
19:38 of 3rd period - Slapshot by Alexandre Bolduc.
19:38 of 3rd period - Stopped by Joe Cannata with a rebound.
19:53 of 3rd period - Ryan Stanton is hit by Ryan Hamilton and loses puck.
Goals for this period are 0 for Condors vs 1 for Barracuda.
Shots for this period are 20 for Condors vs 18 for Barracuda.

Overtime #1


0:01 of 1st overtime period - Andy Andreoff wins face-off versus Teemu Pulkkinen in neutral zone.
0:46 of 1st overtime period - Andy Andreoff is hit by Ryan Stanton and loses puck.
1:29 of 1st overtime period - Snap shot by Pat Cannone.
1:29 of 1st overtime period - Stopped by Joey MacDonald with a rebound.
1:53 of 1st overtime period - Andy Andreoff is hit by Anthony Bitetto and loses puck.
1:58 of 1st overtime period - Slapshot by David Schlemko.
1:58 of 1st overtime period - Stopped by Joey MacDonald with a rebound.
2:10 of 1st overtime period - Slapshot by Ryan Stanton.
2:10 of 1st overtime period - Stopped by Joey MacDonald with a rebound.
2:12 of 1st overtime period - Slapshot by David Schlemko.
2:12 of 1st overtime period - Stopped by Joey MacDonald without a rebound.
2:13 of 1st overtime period - Ken Agostino wins face-off versus Jayson Megna in Barracuda zone.
2:14 of 1st overtime period - Slapshot by David Schlemko.
2:14 of 1st overtime period - Stopped by Joey MacDonald without a rebound.
2:15 of 1st overtime period - Ken Agostino wins face-off versus Jayson Megna in Barracuda zone.
2:42 of 1st overtime period - Ken Agostino is hit by Andy Andreoff and loses puck.
3:43 of 1st overtime period - Mark Fistric is hit by FARM PLAYER44 and loses puck.
4:09 of 1st overtime period - 10 Minutes Misconduct Penalty to Michael Chaput is over.
4:35 of 1st overtime period - Andy Andreoff is hit by Michael Chaput and loses puck.
Goals for this period are 0 for Condors vs 0 for Barracuda.
Shots for this period are 5 for Condors vs 0 for Barracuda.

ShootOut


5:00 of 1st overtime period - Penalty Shot by Teemu Pulkkinen for Condors.
5:00 of 1st overtime period - Backhand shot by Teemu Pulkkinen.
5:00 of 1st overtime period - Stopped by Joey MacDonald.
5:00 of 1st overtime period - Penalty Shot by Andy Andreoff for Barracuda.
5:00 of 1st overtime period - Deke by Andy Andreoff.
5:00 of 1st overtime period - Stopped by Joe Cannata.
5:00 of 1st overtime period - Penalty Shot by Michael Chaput for Condors.
5:00 of 1st overtime period - Wrist shot by Michael Chaput.
5:00 of 1st overtime period - Goal by Michael Chaput.
5:00 of 1st overtime period - Penalty Shot by Vincent Lecavalier for Barracuda.
5:00 of 1st overtime period - Wrist shot by Vincent Lecavalier.
5:00 of 1st overtime period - Goal by Vincent Lecavalier.
5:00 of 1st overtime period - Penalty Shot by Tyler Graovac for Condors.
5:00 of 1st overtime period - Wrist shot by Tyler Graovac.
5:00 of 1st overtime period - Stopped by Joey MacDonald.
5:00 of 1st overtime period - Penalty Shot by Jayson Megna for Barracuda.
5:00 of 1st overtime period - Snap shot by Jayson Megna.
5:00 of 1st overtime period - Stopped by Joe Cannata.
5:00 of 1st overtime period - Penalty Shot by Kris Newbury for Condors.
5:00 of 1st overtime period - Wrist shot by Kris Newbury.
5:00 of 1st overtime period - Goal by Kris Newbury.
5:00 of 1st overtime period - Penalty Shot by Ryan Hamilton for Barracuda.
5:00 of 1st overtime period - Deke by Ryan Hamilton.
5:00 of 1st overtime period - Stopped by Joe Cannata.